 Dungeon Crawl Stone Soup version 0.31.0-7-gf635a9b802 (webtiles) character file.

Game seed: 16193798202481219949

5745 zenocrate the Covert (level 10, -8/66 HPs)
             Began as a Vine Stalker Enchanter on Jan 23, 2024.
             Was an Initiate of Gozag.
             Mangled by a cane toad (12 damage)
             ... on level 2 of the Lair of Beasts.
             The game lasted 00:10:19 (8726 turns).

zenocrate the Covert (Vine Stalker Enchanter)       Turns: 8726, Time: 00:10:19

Health: -8/66      AC: 12    Str: 12    XL:     10   Next: 77%
Magic:  0/14       EV: 13    Int: 15    God:    Gozag
Gold:   614        SH:  0    Dex: 18    Spells: 2/13 levels left

rFire   . . .        a - +2 rapier of Pibypp {speed, rN+}
rCold   . . .        (no shield)
rNeg    + . .        v - +0 swamp dragon scales
rPois   +            B - +0 helmet
rElec   .            s - +0 cloak
rCorr   .            g - +2 pair of gloves
SInv    +            (no boots)
Will    +....        t - amulet of the acrobat Stlth
                     u - ring of see invisible
HPRegen 1.11/turn    (no ring)
MPRegen 0.14/turn

%: acrobat, guardian spirit
@: berserking, very quick
A: fangs 3, regeneration 1, magic shield, antimagic bite, no potion heal 2
a: Renounce Religion, Potion Petition, Call Merchant, Bribe Branch


You were on level 2 of the Lair of Beasts.
You worshipped Gozag.
Gozag was pleased with you.
You visited 3 branches of the dungeon, and saw 11 of its levels.

You collected 741 gold pieces.
You paid 127 gold pieces to Gozag.

Inventory:

Hand Weapons
 a - the +2 rapier of Pibypp (weapon) {speed, rN+}
   (You found it on level 7 of the Dungeon)

   rN+:       It protects you from negative energy.
 b - a +0 rapier of flaming
 j - a +0 dagger of speed
 A - a +1 dagger of flaming
 I - a +1 dagger of freezing
 J - a +4 short sword
Missiles
 l - 9 boomerangs (quivered)
 C - 7 poisoned darts
 M - 4 javelins
Armour
 f - a +0 buckler
 g - a +2 pair of gloves (worn)
 s - a +0 cloak (worn)
 v - +0 swamp dragon scales (worn)
 z - a +0 robe
 B - a +0 helmet (worn)
 H - a scarf of harm
 O - a +1 ring mail of poison resistance
Jewellery
 d - the amulet of Elemental Vulnerability {rPois rF-- rC-- AC+8}
   (You found it on level 6 of the Dungeon)

   [amulet of nothing]

   AC+8:      It affects your AC (+8).
   rF--:      It makes you very vulnerable to fire.
   rC--:      It makes you very vulnerable to cold.
   rPois:     It protects you from poison
 t - an amulet of the acrobat (around neck)
 u - a ring of see invisible (left hand)
Wands
 x - a wand of polymorph (5)
 y - a wand of flame (45)
 E - a wand of iceblast (9)
Scrolls
 h - a scroll of revelation {unknown}
 m - 2 scrolls of immolation
 o - a scroll of poison {unknown}
 p - a scroll of teleportation
 r - a scroll of fog {unknown}
 F - a scroll of blinking {unknown}
 K - a scroll of silence {unknown}
 N - a scroll of amnesia {unknown}
Potions
 c - a potion of invisibility
 e - 3 potions of might
 i - 2 potions of haste
 k - 2 potions of brilliance
 n - 2 potions of attraction
 q - 2 potions of lignification
 w - 2 potions of curing
 G - a potion of resistance
 L - a potion of ambrosia {unknown}


   Skills:
 - Level 0.3 Fighting
 + Level 6.8 Short Blades
 + Level 5.9 Dodging
 + Level 9.7 Stealth
 - Level 2.1 Spellcasting
 - Level 3.1 Conjurations
 + Level 7.4 Hexes
 - Level 4.4 Ice Magic
 + Level 3.8 Evocations


You had 2 spell levels left.
You knew the following spells:

 Your Spells              Type           Power      Damage    Failure   Level
a - Ensorcelled Hibernat  Hex/Ice        38%        N/A       6%          2
b - Confusing Touch       Hex            24%        N/A       7%          3
c - Tukima's Dance        Hex            24%        N/A       7%          3
d - Dazzling Flash        Conj/Hex       34%        N/A       17%         3

Your spell library contained the following spells:

 Spells                   Type           Power      Damage    Failure   Level
 Lesser Beckoning         Tloc           2%         N/A       58%         2
 Cause Fear               Hex            12%        N/A       22%         4
 Gell's Gravitas          Tloc           1%         N/A       83%         3
 Teleport Other           Tloc           1%         N/A       83%         3
 Fireball                 Conj/Fire      3%         3d4       100%        5
 Dragon's Call            Summ           0%         N/A       100%        9


Dungeon Overview and Level Annotations

Branches:
Dungeon (8/15)             Temple (1/1) D:6            Lair (1/5) D:8

Altars:
Ashenzari
Cheibriados
Dithmenos
Elyvilon
Fedhas
Gozag
Hepliaklqana
Kikubaaqudgha
Makhleb
Nemelex Xobeh
Okawaru
Qazlal
Ru
Sif Muna
Trog
Uskayaw
Vehumet
Wu Jian
Xom
Yredelemnul
Zin
The Shining One

Shops:
D:7 =


Innate Abilities, Weirdness & Mutations

You have razor-sharp teeth.
Your natural rate of healing is unusually fast.
When hurt, damage is shared between your health and your magic reserves.
Your bite disrupts and absorbs the magic of your enemies.
Potions cannot restore your health.


Message History

A bullfrog comes into view.
The cane toad gives a loud, deep croak!
The komodo dragon hisses angrily.
The komodo dragon closely misses you.
You closely miss the komodo dragon.
The komodo dragon bites you but does no damage.
Casting: Ensorcelled Hibernation (safe; 6% risk of failure)
Confirm with . or Enter, or press ? or * to list all spells.
Aiming: Ensorcelled Hibernation (safe; 6% risk of failure)
Press: ? - help, Shift-Dir - straight line, f - komodo dragon
Aim: a komodo dragon (chance to affect: 34%)
The komodo dragon easily resists.
The bullfrog croaks.
The komodo dragon bites you!!
Unknown command.
Casting: Ensorcelled Hibernation (safe; 6% risk of failure)
Confirm with . or Enter, or press ? or * to list all spells.
Aiming: Ensorcelled Hibernation (safe; 6% risk of failure)
Press: ? - help, Shift-Dir - straight line, f/p - komodo dragon
Aim: a komodo dragon (chance to affect: 34%)
The komodo dragon easily resists.
The komodo dragon barely misses you.
Unknown command.
Casting: Ensorcelled Hibernation (safe; 6% risk of failure)
Confirm with . or Enter, or press ? or * to list all spells.
Aiming: Ensorcelled Hibernation (safe; 6% risk of failure)
Press: ? - help, Shift-Dir - straight line, f/p - komodo dragon
Aim: a komodo dragon (chance to affect: 34%)
The komodo dragon easily resists.
The komodo dragon closely misses you.
The cane toad stings you but does no damage.
Unknown command.
You hit the komodo dragon but do no damage.
The bullfrog swells and bulges.
The komodo dragon bites you!!
Unknown command.
Okay, then.
A red film seems to cover your vision as you go berserk!
You feel yourself moving faster!
You feel mighty! The cane toad stings you!!
* * * LOW HITPOINT WARNING * * *
The bullfrog hits you. The cane toad stings you!
You die...
Your body crumbles into a pile of gold.

##......... ###PP..###
##.........? #.........
...........####.........
........>#.##.....P.....
.........#.##..#........
................#.......
#........b..............
......F.##.......#....#.
#.....F@#.....P####.....
.##...l.###...## #.....
#.#...#..#...#####.....
F.......................
.[..###.###.P#..........
..## ####........^. ##
#.......#P# ######..###
####


You could see a komodo dragon, a cane toad and a bullfrog.

Vanquished Creatures
  A black mamba (Lair:1)
  3 cane toads
  Maggie (D:8)
  Prince Ribbit (D:8)
  Grinder (D:4)
  Grum (D:8)
  3 yaks (D:8)
  4 steam dragons
  2 water moccasins
  A sky beast (D:7)
  An orc warrior (D:8)
  2 black bears
  2 ogres (D:5)
  A centaur (D:8)
  4 wolves (D:8)
  A phantom (D:4)
  A kobold brigand (D:8)
  5 bullfrogs
  Blork the orc (D:4)
  2 scorpions
  5 wights (D:8)
  2 bombardier beetles
  2 orc priests (D:7)
  2 hounds
  2 jellies
  2 orc wizards (D:7)
  3 iguanas
  Natasha (thrice) (D:4)
  Robin (D:4)
  3 gnolls (D:6)
  12 adders
  3 white imps (D:8)
  4 ufetubi
  5 dart slugs
  3 ribbon worms
  23 orcs
  6 ball pythons
  4 endoplasms
  A giant cockroach (D:2)
  9 hobgoblins
  4 jackals (D:1)
  5 quokkas
  4 bats
  4 frilled lizards
  20 goblins
  8 kobolds
178 creatures vanquished.

Notes
Turn   | Place    | Note
-------+----------+-------------------------------------------
     0 | D:1      | zenocrate the Vine Stalker Enchanter began the quest for
                  | the Orb.
     0 | D:1      | Reached XP level 1. HP: 9/9 MP: 4/4
    85 | D:1      | Reached skill level 1 in Short Blades
   181 | D:1      | Reached XP level 2. HP: 13/13 MP: 1/6
   184 | D:1      | Learned a level 2 spell: Ensorcelled Hibernation
   554 | D:2      | Reached skill level 4 in Stealth
   570 | D:2      | Reached XP level 3. HP: 16/16 MP: 7/7
   576 | D:2      | Learned a level 3 spell: Confusing Touch
   686 | D:2      | Reached skill level 1 in Ice Magic
   692 | D:2      | Reached XP level 4. HP: 21/21 MP: 5/8
  1493 | D:3      | Found a snail-covered altar of Cheibriados.
  1500 | D:3      | Reached XP level 5. HP: 25/25 MP: 6/9
  1504 | D:3      | Learned a level 3 spell: Tukima's Dance
  2464 | D:4      | Noticed Grinder
  2483 | D:4      | Killed Grinder
  2484 | D:4      | Reached skill level 5 in Stealth
  2484 | D:4      | Reached XP level 6. HP: 13/29 MP: 7/10
  2561 | D:4      | Reached XP level 7. HP: 32/32 MP: 11/11
  2628 | D:4      | Noticed Natasha
  2633 | D:4      | Killed Natasha
  2715 | D:4      | Noticed Natasha
  2722 | D:4      | Killed Natasha
  2799 | D:4      | Noticed Natasha
  2850 | D:4      | Killed Natasha
  3114 | D:4      | Noticed Robin
  3147 | D:4      | Killed Robin
  3215 | D:4      | Noticed Blork the orc
  3233 | D:4      | Killed Blork the orc
  3658 | D:5      | Entered Level 5 of the Dungeon
  3658 | D:5      | Found a stormy altar of Qazlal.
  4103 | D:5      | Noticed a steam dragon
  4115 | D:5      | Killed a steam dragon
  4116 | D:5      | Reached skill level 6 in Stealth
  4116 | D:5      | Gained mutation: You have razor-sharp teeth. [Vine Stalker
                  | growth]
  4116 | D:5      | Reached XP level 8. HP: 23/37 MP: 1/12
  4148 | D:5      | HP: 1/37 [ogre/+0 giant club (6)]
  4432 | D:5      | Found a glowing silver altar of Zin.
  4432 | D:5      | Noticed an angel
  4451 | D:5      | Reached skill level 5 in Hexes
  4541 | D:5      | Identified the +3 leather armour of Experimentation {rC+
                  | Str+5 Dex-3}
  4732 | D:6      | Found the amulet of Elemental Vulnerability {rPois rF--
                  | rC-- AC+8}
  4735 | D:6      | Reached skill level 1 in Evocations
  4813 | D:6      | Found a staircase to the Ecumenical Temple.
  5833 | D:7      | Found Ryr Ramu's Jewellery Shoppe.
  6050 | D:7      | Reached skill level 5 in Short Blades
  6050 | D:7      | Reached skill level 7 in Stealth
  6050 | D:7      | Reached XP level 9. HP: 22/40 MP: 5/13
  6278 | D:7      | Identified the +2 rapier of Pibypp {speed, rN+}
  6683 | D:7      | Learned a level 3 spell: Dazzling Flash
  6761 | Temple   | Entered the Ecumenical Temple
  6774 | Temple   | Became a worshipper of Gozag Ym Sagoz the Greedy
  6842 | D:8      | Noticed Maggie
  7109 | D:8      | Found a staircase to the Lair.
  7124 | D:8      | Killed Maggie
  7160 | D:8      | Reached skill level 8 in Stealth
  7362 | D:8      | Reached skill level 5 in Dodging
  7450 | D:8      | Noticed Prince Ribbit
  7455 | D:8      | Killed Prince Ribbit
  7481 | D:8      | Reached skill level 1 in Conjurations
  7481 | D:8      | Reached XP level 10. HP: 44/44 MP: 14/14
  7758 | D:8      | Noticed Grum
  7765 | D:8      | Killed Grum
  8307 | D:8      | Reached skill level 9 in Stealth
  8510 | Lair:1   | Entered Level 1 of the Lair of Beasts
  8510 | Lair:1   | Noticed a black mamba
  8510 | Lair:1   | Noticed a cane toad
  8515 | Lair:1   | Killed a black mamba
  8519 | D:8      | Killed a cane toad
  8600 | Lair:1   | Noticed a cane toad
  8607 | Lair:1   | Killed a cane toad
  8644 | Lair:1   | You fall into a shaft and drop 1 floor!
  8646 | Lair:2   | Noticed a cane toad
  8665 | Lair:2   | Killed a cane toad
  8718 | Lair:2   | Noticed a cane toad
  8726 | Lair:2   | Mangled by a cane toad

Illustrated notes

Levels and vault maps discovered:
D:1:      saegor_arrival_miasma, layout_basic, minivault_4, minivault_14,
          minmay_misc_feat_plants
D:2:      layout_loops_cross, minmay_misc_feat_rows, minmay_tripent
D:3:      layout_basic, slow_altar_1
D:4:      layout_loops_corners, minivault_11, uniq_grinder, uniq_robin,
          uniq_natasha, uniq_blork_the_orc
D:5:      layout_basic, zin_angel, nicolae_qazlal_scattered_showers
D:6:      layout_layer_cave, minmay_temple_entry_drinking_statues
D:7:      layout_loops_ring, serial_shops, shop,
          hangedman_abyss_or_decor_lesser_grid
D:8:      kennysheep_steamy, layout_layer_cave, lair_entry_dummy, uniq_grum,
          uniq_maggie, uniq_prince_ribbit1
Temple:   nicolae_temple_bog_church
Lair:1:   layout_big_grid, grunt_megastairs_1, infiniplex_staircase_pool_2,
          uniq_sonja
Lair:2:   layout_gridlike, portal_ice_cave_entry_pillars_2, serial_bayou_pond_d,
          lemuel_fruit_fields

Skill      XL: |  1  2  3  4  5  6  7  8  9 10 |
---------------+-------------------------------+-----
Short Blades   | 1 2 3 4 5 6 |  6.8
Stealth        | 4 5 6 7 8 9 |  9.7
Dodging        | 2 3 4 5 |  5.9
Ice Magic      | 1 2 3 4 |  4.4
Hexes          | 4 5 6 7 |  7.4
Evocations     | 1 3 |  3.8
Conjurations   | 1 3 |  3.1
Fighting       | |  0.3
Spellcasting   | |  2.1

Action                     |  1- 3 |  4- 6 |  7- 9 | 10-12 || total
---------------------------+-------+-------+-------+-------++-------
  Melee: Dagger            |    71 |   162 |   171 |       ||   404
         Bite              |    16 |    44 |    82 |    22 ||   164
         Punch             |     1 |     1 |     4 |     1 ||     7
         Rapier            |       |       |   102 |    68 ||   170
   Cast: Ensorcelled Hiber |     8 |    20 |    70 |    35 ||   133
         Confusing Touch   |       |     4 |    10 |     1 ||    15
    Use: Scroll            |       |       |    13 |     2 ||    15
         Potion            |       |       |     1 |     1 ||     2
   Stab: Sleeping          |    11 |    21 |    47 |    18 ||    97
         Confused          |       |     1 |     5 |     1 ||     7
         Invisible         |       |       |     1 |       ||     1
         Distracted        |       |       |       |     1 ||     1
 Armour: Robe              |    48 |    75 |   115 |    19 ||   257
         Skin              |       |       |     1 |       ||     1
         Swamp dragon scal |       |       |       |    50 ||    50
  Dodge: Dodged            |    46 |    81 |   196 |    71 ||   394
